 Dungeon Sprint DCSS version 0.21.0-37-g46506fa (webtiles) character file.

4421 groucho the Imperceptible (level 10, -9/56 HPs)
             Began as a Felid Berserker on Jan 30, 2018.
             Was the Champion of Trog.
             Mangled by the 27-headed Lernaean hydra (15 damage)
             ... in the Dungeon (Sprint I: "Red Sonja").
             The game lasted 00:12:28 (2754 turns).

groucho the Imperceptible (Felid Berserker)         Turns: 2754, Time: 00:12:29

Health: -9/56      AC:  2    Str: 13    XL:     10   Next: 14%
Magic:  11/11      EV: 34    Int:  7    God:    Trog [******]
Gold:   1607       SH:  0    Dex: 19    Spells: 9/9 levels left
                                        Lives:  0   Deaths: 2

rFire    + . .     SeeInvis +     - Unarmed
rCold    . . .     Gourm    .   (shield unavailable)
rNeg     . . .     Faith    .   (armour unavailable)
rPois    .         Spirit   .   (helmet unavailable)
rElec    .         Reflect  .   (cloak unavailable)
rCorr    .         Harm     .   (gloves unavailable)
MR       ++...     NoTele   +   (boots unavailable)
Stlth    +++++++++.             (no amulet)
HPRegen  0.18/turn              l - ring of protection from fire
MPRegen  0.12/turn              j - ring of protection from magic

@: quick
A: very small, no armour, no weapons or thrown items, stealth, claws 1, fangs 3,
see invisible, carnivore, dopey 1, speed 1, shaggy fur 2, slow metabolism 1,
sharp paws
a: Berserk, Trog's Hand, Brothers in Arms, Burn Spellbooks, Renounce Religion


You were in the Dungeon.
You worshipped Trog.
Trog was exalted by your worship.
You were not hungry.

You visited 1 branch You collected 1993 gold pieces.
You spent 386 gold pieces at shops.

Inventory:

Jewellery
 a - an uncursed ring of see invisible {unknown}
 j - a ring of protection from magic (right paw)
 l - a ring of protection from fire (left paw)
 n - an uncursed amulet of rage {unknown}
Wands
 i - a wand of paralysis (12)
Scrolls
 b - a scroll of remove curse {unknown}
Potions
 c - a potion of heal wounds
 d - a potion of haste
 e - 2 potions of magic
 f - a potion of berserk rage
 g - a potion of flight
 h - 3 potions of curing
 k - a potion of lignification {unknown}
Books
 m - a book of the Dragon

   Spells                             Type                      Level
   a - Flame Tongue                   Conjuration/Fire             1
   b - Cause Fear                     Hexes                        4
   c - Bolt of Fire                   Conjuration/Fire             6
   d - Dragon Form                    Transmutation                7
   e - Dragon's Call                  Summoning                    9
   Trog disapproves of the use of such an item.


   Skills:
 + Level 14.1 Fighting
 + Level 17.6 Dodging
 - Level 23.1 Stealth
 + Level 14.1 Unarmed Combat


You had 9 spell levels left.
You didn't know any spells.

Dungeon Overview and Level Annotations

Branches:
Dungeon (1/1)

Altars:
Cheibriados
Dithmenos
Elyvilon
Fedhas
Gozag
Hepliaklqana
Kikubaaqudgha
Makhleb
Nemelex Xobeh
Okawaru
Qazlal
Ru
Sif Muna
Trog
Uskayaw
Vehumet
Wu Jian
Xom
Yredelemnul
Zin
The Shining One
Jiyva
Lugonu

Shops:
D *([=%(?}[*}*!(!?((=[%

Annotations:
D Lernaean hydra


Innate Abilities, Weirdness & Mutations

You cannot wear armour.
You are incapable of wielding weapons or throwing items.
Your paws allow you to move quietly. (Stealth)
You have sharp claws.
You have razor-sharp teeth.
You have supernaturally acute eyesight. (SInv)
You are carnivorous and can eat meat at any time.
You cover ground quickly.
You are covered in thick fur. (AC +2)
You have a slow metabolism.
Your sharp claws are effective at attacking unaware monsters.
You are dopey. (Int -2)


Message History

The 27-headed Lernaean hydra is severely wounded.
The 27-headed Lernaean hydra bites you!
The 27-headed Lernaean hydra completely misses you.
The 27-headed Lernaean hydra bites you.
The 27-headed Lernaean hydra misses you.
The 27-headed Lernaean hydra bites you!
The 27-headed Lernaean hydra completely misses you. x2
The 27-headed Lernaean hydra barely misses you.
The 27-headed Lernaean hydra completely misses you.
The 27-headed Lernaean hydra bites you!
The 27-headed Lernaean hydra misses you.
The 27-headed Lernaean hydra barely misses you.
The 27-headed Lernaean hydra completely misses you.
The 27-headed Lernaean hydra misses you.
The 27-headed Lernaean hydra bites you!
* * * LOW HITPOINT WARNING * * *
The 27-headed Lernaean hydra completely misses you.
The 27-headed Lernaean hydra misses you. x2
The 27-headed Lernaean hydra bites you!
You die...

#.§'.§§§#).:......#
'^^#§§§§##........#
##+#.§.§§#####..$$#
# .#§§§§§# #..$$# #
.##§§§.# ?#.$$$# #
.≈###§## .#.$$$# #
.≈ #.####'#.$$$# #
.≈e##'#.^..##$$$# #
.≈##..§§§...##@$# #
§§§§§.§§§.#D$#
#§§§.D4§.§.##§#
§§§§..[§§...#§#
§C§§§CD§§...#§#
#.CC.§.....##$#
#§.§§......# $#
##...$....## $#
##().(".##


You could see the 27-headed Lernaean hydra.

Vanquished Creatures
  A lorocyproca (D)
  2 centaur warriors (D)
  Sonja (D)
  A deep troll (D)
  7 unseen horrors (D)
  A lindwurm (D)
  An oklob plant (D)
  2 kobold demonologists (D)
  2 demonic crawlers (D)
  A hornet (D)
  A slime creature (D)
  Sigmund (D)
  2 redbacks (D)
  A yak (D)
  13 hogs (D)
  2 floating eyes (D)
  An ogre (D)
  7 necrophages (D)
  8 jellies (D)
  Ijyb (D)
  5 ballistomycetes (D)
61 creatures vanquished.

Vanquished Creatures (collateral kills)
  8 shining eyes (D)
  A gargoyle (D)
  2 demonic crawlers (D)
  4 floating eyes (D)
15 creatures vanquished.

Vanquished Creatures (others)
  A hydra (D)
  2 merfolk sirens (D)
  4 hornets (D)
  A floating eye (D)
  2 ballistomycete spores (D)
10 creatures vanquished.

Grand Total: 86 creatures vanquished

Notes
Turn   | Place    | Note
-------+----------+-------------------------------------------
     0 | D        | groucho the Felid Berserker began the quest for the Orb.
     0 | D        | Reached XP level 1. HP: 10/10 MP: 2/2
     2 | D        | Noticed Ijyb
    11 | D        | Killed Ijyb
    11 | D        | Reached skill level 8 in Stealth
    11 | D        | Reached XP level 2. HP: 11/14 MP: 3/3
   240 | D        | Noticed an ogre
   242 | D        | Killed an ogre
   242 | D        | Reached skill level 12 in Stealth
   242 | D        | Reached XP level 3. HP: 17/17 MP: 4/4
   242 | D        | Reached XP level 4. HP: 21/21 MP: 5/5
   257 | D        | Noticed Sigmund
   259 | D        | Killed Sigmund
   259 | D        | Reached ** piety under Trog
   259 | D        | Reached skill level 16 in Stealth
   259 | D        | Reached XP level 5. HP: 24/24 MP: 6/6
   259 | D        | Gained mutation: You are covered in thick fur. (AC +2) [Felid growth]
   259 | D        | Reached XP level 6. HP: 28/28 MP: 7/7
   273 | D        | Found a deep blue altar of Sif Muna.
   274 | D        | Found an ornate altar of the Wu Jian Council.
   275 | D        | Found a radiant altar of Vehumet.
   310 | D        | Found Zeni's Jewellery Emporium.
   310 | D        | Found an ancient bone altar of Kikubaaqudgha.
   310 | D        | Found a hazy altar of Hepliaklqana.
   310 | D        | Found a hide-covered altar of Uskayaw.
   310 | D        | Found a basalt altar of Yredelemnul.
   310 | D        | Found an opulent altar of Gozag.
   310 | D        | Found a snail-covered altar of Cheibriados.
   310 | D        | Found a sacrificial altar of Ru.
   310 | D        | Found a shadowy altar of Dithmenos.
   310 | D        | Noticed a yak
   311 | D        | Found a stormy altar of Qazlal.
   311 | D        | Found a blossoming altar of Fedhas.
   311 | D        | Found a bloodstained altar of Trog.
   311 | D        | Found an iron altar of Okawaru.
   311 | D        | Found a glowing golden altar of the Shining One.
   311 | D        | Found a glowing silver altar of Zin.
   311 | D        | Found a white marble altar of Elyvilon.
   312 | D        | Killed a yak
   312 | D        | Reached skill level 18 in Stealth
   313 | D        | Found a sparkling altar of Nemelex Xobeh.
   338 | D        | Found a burning altar of Makhleb.
   338 | D        | Found a shimmering altar of Xom.
   338 | D        | Noticed a slime creature
   339 | D        | Found a viscous altar of Jiyva.
   339 | D        | Found a corrupted altar of Lugonu.
   341 | D        | Killed a slime creature
   341 | D        | Reached *** piety under Trog
   341 | D        | Reached skill level 19 in Stealth
   341 | D        | Reached XP level 7. HP: 31/31 MP: 8/8
   363 | D        | Noticed a centaur warrior
   363 | D        | Noticed a centaur warrior
   364 | D        | Killed a centaur warrior
   364 | D        | Reached skill level 5 in Fighting
   364 | D        | Reached skill level 20 in Stealth
   364 | D        | Reached skill level 5 in Unarmed Combat
   364 | D        | Reached XP level 8. HP: 38/38 MP: 9/9
   371 | D        | Killed a centaur warrior
   371 | D        | Reached skill level 21 in Stealth
   518 | D        | Noticed a hornet
   522 | D        | Killed a hornet
   522 | D        | Reached XP level 9. HP: 43/43 MP: 10/10
   533 | D        | Noticed an oklob plant
   535 | D        | Killed an oklob plant
   535 | D        | Reached **** piety under Trog
   535 | D        | Reached skill level 10 in Dodging
   581 | D        | Noticed an unseen horror
   581 | D        | Noticed an unseen horror
   586 | D        | Killed an unseen horror
   586 | D        | Reached skill level 22 in Stealth
   588 | D        | Killed an unseen horror
   588 | D        | Reached ***** piety under Trog
   588 | D        | Reached XP level 10. HP: 49/49 MP: 11/11
   628 | D        | Reached ****** piety under Trog
   847 | D        | Reached skill level 10 in Fighting
   847 | D        | Reached skill level 10 in Unarmed Combat
   863 | D        | Found Hezifo's Gadget Shoppe.
   863 | D        | Found Cejit's Magic Scroll Shop.
   863 | D        | Found Xakaur's Armour Boutique.
   865 | D        | Found Kappynualu's Assorted Antiques.
   865 | D        | Found Laaps's Gadget Shop.
   865 | D        | Found Poin's Assorted Antiques.
   865 | D        | Found Ussufa Uxkag's Distillery.
   865 | D        | Found Hezij's Antique Weapon Emporium.
   865 | D        | Found Yleghal's Distillery.
   865 | D        | Found Qaukhlimm's Magic Scroll Shoppe.
   869 | D        | Found Azoraisy's Antique Weapon Boutique.
   870 | D        | Found Guwiaf's Jewellery Emporium.
   870 | D        | Found Payfuju's Antique Weapon Boutique.
   871 | D        | Found Vuosokufra's Food Emporium.
   883 | D        | Bought a potion of flight for 36 gold pieces
   945 | D        | Noticed a deep troll
   947 | D        | Killed a deep troll
   953 | D        | Found Nikor's Armour Emporium.
   972 | D        | Noticed Sonja
   976 | D        | Killed Sonja
  1250 | D        | Found Zixy's General Store.
  1358 | D        | Reached skill level 23 in Stealth
  1367 | D        | Killed a merfolk siren
  1450 | D        | Killed a merfolk siren
  1541 | D        | Noticed a lindwurm
  1545 | D        | Killed a lindwurm
  1558 | D        | Reached XP level 11. HP: 53/57 MP: 12/12
  1582 | D        | Reached skill level 15 in Dodging
  1706 | D        | Killed a 12-headed hydra
  1798 | D        | Noticed a daeva
  1802 | D        | Noticed an unseen horror
  1802 | D        | Noticed an unseen horror
  1802 | D        | Noticed an unseen horror
  1802 | D        | Noticed an unseen horror
  1804 | D        | Killed an unseen horror
  1812 | D        | Killed an unseen horror
  1814 | D        | Killed an unseen horror
  1815 | D        | Noticed an unseen horror
  1817 | D        | Killed an unseen horror
  1820 | D        | Killed an unseen horror
  2088 | D        | Upgraded the game from 0.21.0-34-g9234887 to 0.21.0-37-g46506fa
  2095 | D        | Noticed a fire giant
  2098 | D        | Noticed a fire giant
  2099 | D        | Noticed a fire giant
  2100 | D        | Noticed a fire giant
  2103 | D        | Killed from afar by a fire giant
  2104 | D        | Reached XP level 10. HP: -12/55 MP: 11/11
  2110 | D        | Noticed a lorocyproca
  2113 | D        | Killed a lorocyproca
  2459 | D        | Noticed a gargoyle
  2475 | D        | Killed a gargoyle
  2507 | D        | Bought an uncursed ring of protection from fire for 350 gold pieces
  2532 | D        | Noticed a shining eye
  2532 | D        | Noticed a shining eye
  2532 | D        | Noticed a shining eye
  2532 | D        | Noticed a shining eye
  2532 | D        | Noticed a shining eye
  2532 | D        | Noticed a shining eye
  2533 | D        | Killed a shining eye
  2534 | D        | Killed a shining eye
  2535 | D        | Killed a shining eye
  2535 | D        | Reached XP level 11. HP: 59/59 MP: 12/12
  2535 | D        | Paralysed by a floating eye for 2 turns
  2536 | D        | Killed a shining eye
  2537 | D        | Killed a shining eye
  2538 | D        | Killed a shining eye
  2542 | D        | Noticed a shining eye
  2542 | D        | Noticed a shining eye
  2543 | D        | Gained mutation: You are dopey. (Int -2) [a shining eye]
  2546 | D        | Killed a shining eye
  2547 | D        | Killed a shining eye
  2555 | D        | Found Suxkioti's Food Shop.
  2555 | D        | Found Cesseu Kiama's Antique Weapon Shoppe.
  2555 | D        | Found Qucy's Antique Weapon Boutique.
  2555 | D        | Found Waasef's Antique Armour Emporium.
  2670 | D        | Noticed a deep elf annihilator
  2687 | D        | Noticed a shadow dragon
  2693 | D        | Noticed a golden dragon
  2697 | D        | Killed from afar by a shadow dragon
  2698 | D        | Reached XP level 10. HP: -38/56 MP: 11/11
  2747 | D        | Noticed the 27-headed Lernaean hydra
  2754 | D        | Mangled by the 27-headed Lernaean hydra

Skill      XL: |  1  2  3  4  5  6  7  8  9 10 11 |
---------------+----------------------------------+-----
Stealth        | 8 12 16 19 20 21 22 23 | 23.1
Fighting       | 5 7 9 11 14 | 14.1
Dodging        | 7 9 12 17 16 | 17.6
Unarmed Combat | 5 7 9 11 14 | 14.1

Action                   |  1- 3 |  4- 6 |  7- 9 | 10-12 || total
-------------------------+-------+-------+-------+-------++-------
Melee: Unarmed           |     8 |     4 |    18 |   133 ||   163
       Bite              |     1 |       |     2 |    20 ||    23
       Punch             |       |       |       |    12 ||    12
Invok: Berserk           |     1 |       |     1 |     3 ||     5
       Trog's Hand       |       |       |     1 |     1 ||     2
       Brothers in Arms  |       |       |       |     9 ||     9
  Use: Scroll            |       |       |     1 |       ||     1
       Potion            |       |       |     1 |     1 ||     2
 Stab: Sleeping          |     1 |     4 |     7 |    19 ||    31
       Distracted        |       |       |       |     1 ||     1
  Eat: Chunk             |       |     4 |       |     8 ||    12
       Ration            |       |       |       |     3 ||     3
Armor: Skin              |       |       |       |     2 ||     2
Dodge: Dodged            |     4 |       |     8 |   124 ||   136
